 Dungeon Crawl Stone Soup version 0.28-a0-631-g0446da8ef9 (webtiles) character file.

Game seed: 16700419473425226401

818 MacCMillion the Skirmisher (level 8, -4/59 HPs)
             Began as a Djinni Venom Mage on Oct 10, 2021.
             Slain by a vampire mosquito (5 damage)
             ... on level 6 of the Dungeon.
             The game lasted 00:25:13 (6737 turns).

MacCMillion the Skirmisher (Djinni Venom Mage)      Turns: 6737, Time: 00:25:15

Health: -4/59      AC:  5    Str:  7    XL:     8   Next: 16%
Gold:   207        EV: 13    Int: 19    God:
                   SH:  0    Dex: 14

rFire   + + .      SeeInvis .   g - +1 dagger (venom)
rCold   . . .      Faith    .   (no shield)
rNeg    . . .      Spirit   .   a - +0 robe
rPois   ∞          Reflect  .   (no helmet)
rElec   .          Harm     .   (no cloak)
rCorr   .          Rampage  .   o - +2 pair of gloves
Will    .....                   (boots unavailable)
Stlth   ++........              (no amulet)
HPRegen 0.19/turn               b - ring of protection from cold
MPRegen 0.00/turn               (no ring)

@: flying
A: sickness immunity, fire resistance 2, cold vulnerability 1, float, innate
caster, hp casting, extra vitality 1
a: no special abilities


You were on level 6 of the Dungeon.
You visited 1 branch of the dungeon, and saw 6 of its levels.
You also visited: Sewer.

You collected 207 gold pieces.

Inventory:

Hand Weapons
 g - a +1 dagger of venom (weapon)
Armour
 a - a +0 robe (worn)
 o - a +2 pair of gloves (worn)
 v - a +1 ring mail of fire resistance
Jewellery
 b - a ring of protection from cold (left hand)
Wands
 j - a wand of iceblast (9)
Scrolls
 c - a scroll of torment {unknown}
 e - 3 scrolls of teleportation
 f - a scroll of silence {unknown}
 h - a scroll of fear {unknown}
 l - a scroll of immolation {unknown}
 p - a scroll of fog {unknown}
 q - 2 scrolls of enchant weapon {unknown}
 w - a scroll of enchant armour {unknown}
 y - a scroll of blinking {unknown}
Potions
 d - 3 potions of invisibility
 i - a potion of lignification {unknown}
 k - 4 potions of might
 m - a potion of resistance
 n - 3 potions of curing
 r - a potion of cancellation
 s - 5 potions of heal wounds
 t - a potion of haste
 u - a potion of magic {unknown}
 x - a potion of attraction {unknown}
 z - a potion of flight {unknown}


   Skills:
 + Level 5.2 Fighting
 + Level 4.4 Dodging
 - Level 1.5 Stealth
 + Level 4.8 Spellcasting


You couldn't memorise any spells.
You knew the following spells:

 Your Spells              Type           Power      Damage    Failure   Level
a - Sting                 Tmut/Pois      92%        1d7       1%          1
b - Poisonous Vapours     Pois/Air       46%        N/A       2%          2
c - Mephitic Cloud        Conj/Pois/Air  23%        N/A       4%          3
d - Olgreb's Toxic Radia  Pois           23%        N/A       17%         4
e - Magic Dart            Conj           92%        1d7       1%          1
f - Scorch                Fire           46%        2d7       2%          2
g - Portal Projectile     Hex/Tloc       46%        N/A       4%          3
Your spell library was empty.

Dungeon Overview and Level Annotations

Branches:
Dungeon (6/15)              Sewer (visited)
 Temple: D:4-7

Altars:
Nemelex Xobeh

Annotations:
D:4 1 runed translucent door, paps's ghost, amateur DsGl
D:5 Prince Ribbit; Sigmund


Innate Abilities, Weirdness & Mutations

You are immune to sickness and miasma.
You are immune to poison.
Your flesh is very heat resistant. (rF++)
You are vulnerable to cold. (rC-)
You float through the air rather than walking.
You learn spells naturally, not from books.
Your magical power is your life essence.
You have superior vitality. (+4 HP)


Message History

The vampire mosquito is almost destroyed.
The vampire mosquito buzzes angrily.
The vampire mosquito closely misses you.
The vampire mosquito bites you.
The vampire mosquito is no longer more vulnerable to fire.
The vampire mosquito bites you. The vampire mosquito barely misses you.
The vampire mosquito barely misses you. The vampire mosquito bites you!
Aiming: Sting (safe; 1% risk of failure)
Press: ? - help, Q - select action, (/) - cycle Shift-Dir - straight line, f - vampire mosquito
Aim: a vampire mosquito (60% to hit)
The sting hits the vampire mosquito.
The vampire mosquito is lightly damaged.
The vampire mosquito closely misses you.
The vampire mosquito bites you!
* * * LOW HITPOINT WARNING * * *
The vampire mosquito barely misses you. x2
Unknown command.
Aiming: Sting (safe; 1% risk of failure)
Press: ? - help, Q - select action, (/) - cycle Shift-Dir - straight line, f/p - vampire mosquito
Aim: a vampire mosquito (lightly damaged, 60% to hit)
The sting hits the vampire mosquito.
The vampire mosquito partially resists.
The vampire mosquito is lightly damaged.
* * * LOW HITPOINT WARNING * * *
The vampire mosquito bites you but does no damage.
The vampire mosquito completely misses you.
The vampire mosquito misses you.
The vampire mosquito closely misses you.
Aiming: Sting (safe; 1% risk of failure)
Press: ? - help, Q - select action, (/) - cycle Shift-Dir - straight line, f/p - vampire mosquito
Aim: a vampire mosquito (lightly damaged, 60% to hit)
The sting hits the vampire mosquito but does no damage.
The vampire mosquito is lightly damaged.
* * * LOW HITPOINT WARNING * * *
The vampire mosquito bites you.
* * * LOW HITPOINT WARNING * * *
The vampire mosquito bites you but does no damage.
The vampire mosquito bites you!
* * * LOW HITPOINT WARNING * * *
The vampire mosquito bites you.
You die...

##### #...# #...# ## #...#
.# ###...######## .#
..'...'......#######.#
###...#####........#.#
##...#####......y.#.#.####
#..............@y.........
#.........#########.#.####
.#.........# .#
<#.........# .#
.##...###### ##
..............[......#
....###.........(....+
.....##..............#
.....................#


You could see 2 vampire mosquitoes.

Vanquished Creatures
  Edmund (D:5)
  2 kobold brigands (Sewer)
  A scorpion (D:5)
  A hound (D:6)
  A bullfrog skeleton (D:5)
  2 orc priests
  Jessica (D:2)
  3 iguanas
  An orc wizard (D:4)
  A hound zombie (D:5)
  6 river rats (Sewer)
  9 adders
  3 worms
  3 dart slugs
  9 orcs
  9 ball pythons
  5 endoplasms
  A giant cockroach (D:3)
  6 hobgoblins
  2 quokkas
  2 bats
  4 frilled lizards
  4 goblins
  18 kobolds
  28 rats
123 creatures vanquished.

Vanquished Creatures (others)
  9 fungi (D:5)
  3 toadstools (D:5)
12 creatures vanquished.

Grand Total: 135 creatures vanquished

Notes
Turn   | Place    | Note
-------+----------+-------------------------------------------
     0 | D:1      | MacCMillion the Djinni Venom Mage began the quest for the
                  | Orb.
     0 | D:1      | Reached XP level 1. HP: 15/15 MP: 0/0
   466 | D:1      | Reached skill level 1 in Fighting
   466 | D:1      | Reached XP level 2. HP: 19/22 MP: 0/0
   910 | D:2      | Reached XP level 3. HP: 20/27 MP: 0/0
   910 | D:2      | Learned a level 1 spell: Magic Dart
  1265 | D:2      | Noticed Jessica
  1269 | D:2      | Killed Jessica
  1270 | D:2      | Reached skill level 2 in Fighting
  1270 | D:2      | Reached XP level 4. HP: 31/33 MP: 0/0
  1350 | D:2      | Found a faded altar of an unknown god.
  2316 | D:3      | Reached XP level 5. HP: 34/40 MP: 0/0
  2316 | D:3      | Learned a level 2 spell: Scorch
  2701 | D:3      | Reached skill level 3 in Fighting
  2973 | D:4      | Noticed paps's ghost (amateur DsGl)
  2976 | D:4      | Found a runed translucent door.
  3199 | D:4      | Found a sparkling altar of Nemelex Xobeh.
  3298 | D:4      | Found a glowing drain.
  3317 | Sewer    | Entered a sewer
  3476 | Sewer    | Noticed a kobold brigand
  3493 | Sewer    | Killed a kobold brigand
  3494 | Sewer    | Reached XP level 6. HP: 22/47 MP: 0/0
  4133 | Sewer    | Reached skill level 4 in Fighting
  4441 | Sewer    | Reached XP level 7. HP: 47/52 MP: 0/0
  4441 | Sewer    | Learned a level 3 spell: Portal Projectile
  5596 | D:5      | Entered Level 5 of the Dungeon
  5596 | D:5      | Noticed Prince Ribbit
  6299 | D:5      | Noticed Edmund
  6361 | D:5      | Killed Edmund
  6362 | D:5      | Reached skill level 5 in Fighting
  6362 | D:5      | Reached XP level 8. HP: 51/59 MP: 0/0
  6484 | D:5      | Noticed Sigmund
  6737 | D:6      | HP: 1/59 [vampire mosquito (8)]
  6737 | D:6      | Slain by a vampire mosquito

Illustrated notes

Levels and vault maps discovered:
D:1:      dpeg_arrival_pits, layout_loops_ring
D:2:      layout_loops_ring, basic_ecumenical_altar, uniq_jessica
D:3:      layout_basic
D:4:      layout_loops_ring, nemelex_diamond_rough_becter,
          cheibrodos_sewer_entry_bend, hellmonk_ghost_happy_afterlife
D:5:      layout_basic, lemuel_round_altar, minmay_gold_behind_fungi,
          uniq_grinder, uniq_sigmund, uniq_edmund, uniq_prince_ribbit1
D:6:      layout_basic, uniq_eustachio

Skill      XL: |  1  2  3  4  5  6  7 |
---------------+----------------------+-----
Fighting       | 1 2 3 4 5 |  5.2
Spellcasting   | 3 4 |  4.8
Dodging        | 4 |  4.4
Stealth        | |  1.5

Action                   |  1- 3 |  4- 6 |  7- 9 || total
-------------------------+-------+-------+-------++-------
Melee: Dagger            |     1 |     8 |     9 ||    18
 Cast: Sting             |    36 |    53 |    51 ||   140
       Poisonous Vapours |       |    73 |    29 ||   102
       Scorch            |       |     3 |     7 ||    10
       Olgreb's Toxic Ra |       |     1 |       ||     1
  Use: Scroll            |       |     2 |     6 ||     8
Armor: Robe              |     1 |     5 |     7 ||    13
Dodge: Dodged            |    10 |    19 |    27 ||    56

Table legend: (Time is in decaauts)
 A = Elapsed time spent in this place.
 B = Non-inter-level travel time spent in this place.
 C = Inter-level travel time spent in this place.
 D = Time resting spent in this place.
 E = Time spent auto-exploring this place.
 F = Levels seen in this place.
 G = Mean time per level.
                   A        B        C        D        E       F      G
               +--------+--------+--------+--------+--------+-----+--------+
         Total |   6736 |   6667 |     69 |    557 |   4815 |   7 |  962.3 |
       Dungeon |   5247 |   5178 |     69 |    265 |   3978 |   6 |  874.5 |
         Sewer |   1488 |   1488 |      0 |    292 |    837 |   1 | 1488.0 |
               +--------+--------+--------+--------+--------+-----+--------+

Top non-repeatable levels by time:
   Sewer: 1488 daAuts
     D:3: 1330 daAuts
     D:4: 1301 daAuts
     D:2: 833 daAuts
     D:1: 784 daAuts
     D:5: 759 daAuts
     D:6: 238 daAuts
